 Dungeon Crawl Stone Soup version 0.22-a0-521-gb1378044ac (webtiles) character file.

58 Kaname the Conjurer (level 3, -6/24 HPs)
             Began as a Demonspawn Wizard on June 20, 2018.
             Mangled by Sigmund
             ... wielding a +0 scythe
              (13 damage)
             ... on level 2 of the Dungeon.
             The game lasted 00:03:52 (1291 turns).

Kaname the Conjurer (Demonspawn Wizard)             Turns: 1291, Time: 00:03:52

Health: -6/24      AC:  3    Str:  7    XL:     3   Next: 76%
Magic:  1/7        EV: 12    Int: 20    God:
Gold:   90         SH:  0    Dex: 11    Spells: 2/8 levels left

rFire    . . .     SeeInvis .   l - +2 dagger (venom)
rCold    . . .     Gourm    .   (no shield)
rNeg     . . .     Faith    .   a - +0 robe
rPois    .         Spirit   .   b - +0 hat
rElec    .         Reflect  .   g - +0 cloak
rCorr    .         Harm     .   (no gloves)
MR       .....                  (no boots)
Stlth    ++........             c - amulet of inaccuracy (curse)
HPRegen  0.08/turn              (no ring)
MPRegen  0.10/turn              (no ring)

@: no status effects
A: demonic guardian 1
a: no special abilities


You were on level 2 of the Dungeon.
You were not hungry.

You visited 1 branch of the dungeon, and saw 2 of its levels.

You collected 90 gold pieces.

Inventory:

Hand Weapons
 l - a +2 dagger of venom (weapon)
Missiles
 e - 22 arrows
Armour
 a - a +0 robe (worn)
 b - a +0 hat (worn)
 g - a +0 cloak (worn)
Jewellery
 c - a cursed amulet of inaccuracy (around neck)
Scrolls
 h - a scroll of amnesia
 m - a scroll of remove curse {unknown}
 n - a scroll of magic mapping {unknown}
Potions
 i - 2 potions of heal wounds
 j - a potion of magic {unknown}
 k - a potion of might {unknown}
Comestibles
 d - 3 rations
 f - a chunk of flesh


   Skills:
 - Level 1.7 Dodging
 - Level 1.7 Stealth
 - Level 3.0 Spellcasting
 + Level 3.7 Conjurations
   Level 1.0 Summonings
 - Level 0.8 Translocations


You had 2 spell levels left.
You knew the following spells:

 Your Spells              Type           Power        Failure   Level  Hunger
a - Magic Dart            Conj           ###.         3%          1    None
b - Blink                 Tloc           N/A          16%         2    ##.....
c - Mephitic Cloud        Conj/Pois/Air  #.......     26%         3    ###....

Your spell library contained the following spells:

 Spells                   Type           Power        Failure   Level  Hunger
 Conjure Flame            Conj/Fire      ##......     21%         3    ###....
 Slow                     Hex            #.......     22%         2    ##.....
 Call Imp                 Summ           #.......     14%         2    ##.....


Dungeon Overview and Level Annotations

Branches:
Dungeon (2/15)

Altars:

Annotations:
D:2 1 runed door, Sigmund


Innate Abilities, Weirdness & Mutations

A weak demonic guardian rushes to your aid.


Message History

You bump into the rock wall.
You're too confused to move!
A goblin comes into view. It is wielding a dagger of holy wrath.
The goblin shouts!
You hear an angry hiss.
You hear some strange, mumbled words.
A puff of flame appears from out of thin air!
The puff of flame hits you!
You bump into the rock wall.
You feel less confused. Something hits you.
* * * LOW HITPOINT WARNING * * *
Casting: Mephitic Cloud (safe; 26% risk of failure)
Confirm with . or Enter, or press ? or * to list all spells.
Aiming: Mephitic Cloud (safe; 26% risk of failure)
Press: ? - help, Shift-Dir - straight line The ball explodes into a vile cloud!
The stinking cloud engulfs something.
Unknown command.
Something hits you!
Ouch! That really hurt!
You die...

### ## ## ####.. .###
.. .....###...# ..
.##.#..#).##.# ##
.....#÷##.#.# #. ..
#...#)##.#.# #. ##
#.#.##)[#..# #.
#....###.## #.
##.#....@###########.
##..g...§§.......##.
#.##############.##†##
#.#.........# #.##.{#
##### #.##.#######.#
#{###.# >.... ## #.#
#.#####.###.# #####
#.# #...........# #.#
#.......##### #####
#.# #.#########


You could see a goblin.

Vanquished Creatures
  2 adders (D:2)
  2 oozes
  2 leopard geckos (D:2)
  4 hobgoblins
  3 kobolds
  7 bats
  3 frilled lizards
  3 goblins
  7 rats
33 creatures vanquished.

Vanquished Creatures (collateral kills)
  A frilled lizard (D:2)
1 creature vanquished.

Grand Total: 34 creatures vanquished

Notes
Turn   | Place    | Note
-------+----------+-------------------------------------------
     0 | D:1      | Kaname the Demonspawn Wizard began the quest for the Orb.
     0 | D:1      | Reached XP level 1. HP: 13/13 MP: 4/4
   311 | D:1      | Gained mutation: A weak demonic guardian rushes to your aid. [demonic ancestry]
   311 | D:1      | Reached XP level 2. HP: 19/19 MP: 0/6
   869 | D:2      | Reached XP level 3. HP: 17/24 MP: 1/7
   929 | D:2      | Learned a level 2 spell: Blink
   933 | D:2      | Learned a level 3 spell: Mephitic Cloud
  1155 | D:2      | Found a runed door.
  1254 | D:2      | Noticed Sigmund
  1291 | D:2      | Mangled by Sigmund

Vault maps used:
D:1:      sevenhm_arrival_forest_fort_small_5
D:2:      first_ration, st_stairs_13, minmay_tetromino_l4, uniq_sigmund,
          uniq_crazy_yiuf_cottage, uniq_natasha

Skill      XL: |  1  2 |
---------------+-------+-----
Conjurations   | 2 3 |  3.7
Dodging        | |  1.7
Stealth        | |  1.7
Spellcasting   | |  3.0
Summonings     | |  1.0
Translocations | |  0.8

Action                   || total
-------------------------++-------
Melee: Unarmed           ||     8
       Dagger            ||    19
 Cast: Magic Dart        ||    57
       Mephitic Cloud    ||     2
  Use: Scroll            ||     4
 Stab: Sleeping          ||     1
  Eat: Chunk             ||     1
Armor: Robe              ||    13
Dodge: Dodged            ||    43

Table legend:
 A = Spawn XP
 B = Non-spawn XP
 C = Spawn XP percentage of total XP
 D = Spawn monster count
 E = Non-spawn monster count
 F = Spawn count percentage of total count
 G = Total turns spent on level
                    A         B        C        D         E        F      G
               +---------+---------+-------+---------+---------+-------+---------
         Total |       0 |      84 |   0.0 |       0 |      34 |   0.0 |  1291
               +---------+---------+-------+---------+---------+-------+---------
           D:1 |       0 |      28 |   0.0 |       0 |      16 |   0.0 |   758
           D:2 |       0 |      56 |   0.0 |       0 |      18 |   0.0 |   533
               +---------+---------+-------+---------+---------+-------+---------
